 Dungeon Crawl Stone Soup version 0.25-a0-424-g80bd347ae0 (webtiles) character file.

Game seed: 1589979760806007066, levelgen mode: deterministic

16139 zorance the Fighter (level 12, -5/195 HPs)
             Began as an Ogre Venom Mage on Jan 21, 2020.
             Was a Believer of Ashenzari.
             Slain by a large slime creature (22 damage)
             ... on level 12 of the Dungeon.
             The game lasted 01:02:07 (22007 turns).

zorance the Fighter (Ogre Venom Mage)              Turns: 22007, Time: 01:02:08

Health: -5/195     AC: 29    Str: 15    XL:     12   Next: 34%
Magic:  24/24      EV:  1    Int: 20    God:    Ashenzari [**....]
Gold:   251        SH: 15    Dex:  9    Spells: 14/27 levels left

rFire    . . .     SeeInvis .   M - +1 whip (elec) (curse)
rCold    . . .     Gourm    .   G - +2 shield {AC+3} (curse)
rNeg     + + +     Faith    .   (armour currently unavailable)
rPois    +         Spirit   .   (helmet currently unavailable)
rElec    .         Reflect  +   (cloak currently unavailable)
rCorr    .         Harm     .   (gloves unavailable)
MR       .....     NoTele   +   (boots unavailable)
Stlth    +.........             y - +3 amulet of reflection (curse)
HPRegen  0.42/turn              x - ring of flight
MPRegen  0.19/turn              (no ring)

@: tree-form, vulnerable
A: large, unfitting armour
a: Curse Item, Scrying, Renounce Religion


You were on level 12 of the Dungeon.
You worshipped Ashenzari.
Ashenzari was pleased with you.
You were not hungry.
You were a tree.
You visited 2 branches of the dungeon, and saw 13 of its levels.

You collected 770 gold pieces.
You spent 519 gold pieces at shops.

Inventory:

Hand Weapons
 I - a +0 giant spiked club
 M - a cursed +1 whip of electrocution (weapon)
 P - a +2 dagger of pain
Missiles
 b - 362 stones (quivered)
 u - 2 throwing nets
 v - 30 poisoned darts
 B - 6 silver javelins
Armour
 d - the +0 robe "Abumeo" (melded) {Int+2 Dex+2}
   (You bought it in a shop on level 4 of the Dungeon)

   It affects your intelligence (+2).
   It affects your dexterity (+2).
 D - a cursed scarf of cloud immunity (melded)
 G - a cursed +2 shield of protection (worn)
Magical Staves
 L - an uncursed staff of fire
Jewellery
 x - a ring of flight (left branch)
 y - a cursed +3 amulet of reflection (around neck)
 H - an uncursed ring of poison resistance
Wands
 s - a wand of paralysis (10)
 E - a wand of disintegration (5)
 K - a wand of iceblast (37)
 N - a wand of acid (10)
Scrolls
 c - 8 scrolls of identify
 g - 5 scrolls of teleportation
 i - 5 scrolls of remove curse
 j - a scroll of enchant weapon
 l - a scroll of magic mapping {unknown}
 m - 5 scrolls of immolation {unknown}
 o - a scroll of enchant armour {unknown}
 t - 4 scrolls of blinking {unknown}
 w - 3 scrolls of fear
 A - 2 scrolls of vulnerability {unknown}
 F - 3 scrolls of silence {unknown}
 J - 2 scrolls of torment {unknown}
 Q - a scroll of amnesia {unknown}
Potions
 a - a potion of ambrosia
 h - 3 potions of might
 k - a potion of cancellation
 n - a potion of brilliance
 p - 2 potions of flight
 q - a potion of heal wounds
 r - a potion of mutation
 z - 2 potions of lignification
 C - 8 potions of curing
 O - a potion of haste
Comestibles
 e - 16 rations


   Skills:
 - Level 11.0 Fighting
 * Level 9.3(11.5) Maces & Flails
 - Level 1.7 Dodging
 - Level 1.4 Stealth
 - Level 9.0(10.4) Shields
 - Level 8.0 Spellcasting
 - Level 2.0 Conjurations
 - Level 0.8 Transmutations
 - Level 4.0 Air Magic
 - Level 7.0 Poison Magic


You had 14 spell levels left.
You knew the following spells:

 Your Spells              Type           Power        Failure   Level  Hunger
a - Sting                 Tmut/Pois      ###.         1%          1    None
b - Poisonous Vapours     Pois/Air       ####..       1%          2    None
c - Mephitic Cloud        Conj/Pois/Air  ####....     4%          3    None
g - Ignite Poison         Fire/Tmut/Pois ###.....     9%          3    None
h - Olgreb's Toxic Radia  Pois           #####...     4%          4    ###....

Your spell library contained the following spells:

 Spells                   Type           Power        Failure   Level  Hunger
 Sandblast                Erth           #.....       9%          1    None
 Summon Small Mammal      Summ           #...         9%          1    None
 Passwall                 Tmut/Erth      #.......     11%         2    None
 Call Imp                 Summ           #.......     13%         2    None
 Stone Arrow              Conj/Erth      ##....       17%         3    None
 Call Canine Familiar     Summ           #.......     26%         3    None
 Summon Guardian Golem    Hex/Summ       #.......     26%         3    None
 Summon Lightning Spire   Summ/Air       ###.....     36%         4    ###....
 Petrify                  Tmut/Erth      #.......     56%         4    ###....
 Summon Ice Beast         Ice/Summ       #.......     63%         4    ###....
 Irradiate                Conj/Tmut      ##........   78%         5    #####..
 Lee's Rapid Deconstruct  Erth           #.........   93%         5    #####..
 Hydra Form               Tmut           ##........   100%        6    ######.
 Statue Form              Tmut/Erth      #........    100%        6    ######.
 Dragon Form              Tmut           ##........   100%        7    #######


Dungeon Overview and Level Annotations

Branches:
Dungeon (12/15)            Temple (1/1) D:6            Lair (0/6) D:8
    Orc (0/2) D:9

Altars:
Ashenzari
Cheibriados
Dithmenos
Elyvilon
Fedhas
Gozag
Hepliaklqana
Kikubaaqudgha
Makhleb
Nemelex Xobeh
Okawaru
Qazlal
Ru
Sif Muna
Trog
Uskayaw
Vehumet
Wu Jian
Xom
Yredelemnul
Zin
The Shining One

Shops:
D:4 [   D:5 =   D:6 =   D:9 (

Annotations:
D:4 exclusion: downstairs
D:5 exclusion: phantom
D:7 3 runed translucent doors, exclusion: 3 doors, Borgoz's ghost, novice HOFi
D:10 exclusion: deep elf mage


Innate Abilities, Weirdness & Mutations

You are too large for most types of armour.
((You have tough skin. (AC +1)))


Message History

The slime creature completely misses you.
You block the large slime creature's attack.
You hit the large slime creature but do no damage.
The large slime creature is heavily wounded.
You block the large slime creature's attack.
You feel much better.
You block the large slime creature's attack.
The slime creature hits you but does no damage.
The large slime creature hits you but does no damage.
You cannot move.
You hit the large slime creature.
The large slime creature is heavily wounded.
The slime creature hits you but does no damage.
The large slime creature hits you but does no damage.
You hit the large slime creature.
The large slime creature is heavily wounded.
The large slime creature hits you!!
* * * LOW HITPOINT WARNING * * *
Magic courses through your body. The large slime creature hits you!!
You die...

#.....#
#......######.{<...
#.....#
#..........p#.(....
###.....#
#......####.WW.....
>.......# #......#
###...... ###.....# *
#......# *......
#........####......#
*.)....
#.....##.....Wp{Z..#
......
#.....#######JJJW..#
###### ##.####
##♣##### .# ###.#
##+##### #..÷#
#>.....# ###.###### ,
+......# #<[).....#
##......# #........#
.##......###........#
. #......'.#........#
#......#>#[)......#


You could see a death knight, 2 large slime creatures, a slime creature, 2
freezing wraiths and a bullfrog zombie.

Vanquished Creatures
  Erica (D:10)
  2 two-headed ogres
  An unseen horror (D:11)
  A phantasmal warrior (D:12)
  Pikel (D:9)
  2 ugly things (D:11)
  A centaur zombie (D:11)
  Psyche (D:11)
  2 gargoyles
  Joseph (D:8)
  A meliai zombie (D:12)
  3 hippogriffs
  Sigmund (D:5)
  A shadow (D:10)
  7 yaks
  A wraith (D:11)
  3 hungry ghosts
  Eustachio (D:5)
  2 basilisks (D:8)
  2 steam dragons
  Duvessa (D:7)
  4 porcupines (D:8)
  9 orc warriors
  4 sky beasts
  4 phantoms
  3 ice beasts
  2 black bears (D:6)
  8 ogres
  5 centaurs
  4 crocodiles
  7 bullfrogs
  Dowan (D:7)
  A wyvern skeleton (D:8)
  5 scorpions
  8 killer bees
  7 howler monkeys
  A crimson imp (D:11)
  A quasit (D:8)
  A bullfrog zombie (D:5)
  4 orc priests
  2 centaur skeletons
  5 hounds
  A jelly (D:4)
  Crazy Yiuf (D:6)
  3 bullfrog skeletons
  6 iguanas
  9 orc wizards
  9 worker ants
  2 hound zombies
  3 hound skeletons
  2 worker ant zombies
  14 adders
  2 shadow imps
  An ooze (D:1)
  An adder zombie (D:8)
  6 dart slugs
  10 leopard geckos
  31 orcs
  3 ball pythons
  4 giant cockroaches
  6 goblins
  9 hobgoblins
  5 jackals
  5 quokkas
  5 bats
  5 frilled lizards
  A jackal zombie (D:9)
  4 kobolds
  2 leopard gecko skeletons
  A quokka skeleton (D:6)
  9 rats
282 creatures vanquished.

Vanquished Creatures (others)
  2 centaurs
  A crimson imp (D:9)
  4 orcs (D:9)
  4 toadstools (D:3)
11 creatures vanquished.

Grand Total: 293 creatures vanquished

Notes
Turn   | Place    | Note
-------+----------+-------------------------------------------
     0 | D:1      | zorance the Ogre Venom Mage began the quest for the Orb.
     0 | D:1      | Reached XP level 1. HP: 16/16 MP: 3/3
   545 | D:1      | Reached XP level 2. HP: 24/24 MP: 2/5
   549 | D:1      | Learned a level 2 spell: Poisonous Vapours
  1546 | D:1      | Reached XP level 3. HP: 26/31 MP: 2/7
  1551 | D:1      | Learned a level 3 spell: Mephitic Cloud
  2112 | D:2      | Reached skill level 1 in Air Magic
  2708 | D:2      | Reached XP level 4. HP: 39/39 MP: 2/9
  3216 | D:2      | Found a blossoming altar of Fedhas.
  3568 | D:2      | Found a burning altar of Makhleb.
  3570 | D:2      | Noticed an Executioner
  4319 | D:3      | Found a shadowy altar of Dithmenos.
  4524 | D:3      | Found a glowing silver altar of Zin.
  4637 | D:4      | Reached XP level 5. HP: 45/45 MP: 7/10
  4727 | D:4      | Learned a level 3 spell: Ignite Poison
  4997 | D:4      | Noticed an ogre
  5000 | D:4      | Noticed an ogre
  5034 | D:4      | Killed an ogre
  5034 | D:4      | Reached XP level 6. HP: 15/53 MP: 2/12
  5641 | D:4      | Found Egar's Antique Armour Shop.
  5720 | D:4      | Reached skill level 5 in Spellcasting
  5961 | D:4      | Reached XP level 7. HP: 58/59 MP: 9/14
  6183 | D:4      | Reached skill level 1 in Conjurations
  6611 | D:5      | Entered Level 5 of the Dungeon
  6621 | D:5      | Found Piuthram's Jewellery Emporium.
  6629 | D:5      | Bought a +3 amulet of reflection for 219 gold pieces
  6745 | D:5      | Noticed Eustachio
  6958 | D:5      | Reached skill level 5 in Poison Magic
  6964 | D:5      | Learned a level 4 spell: Olgreb's Toxic Radiance
  7661 | D:5      | Noticed Sigmund
  7675 | D:5      | Killed Sigmund
  7675 | D:5      | Reached skill level 2 in Fighting
  7675 | D:5      | Reached XP level 8. HP: 67/72 MP: 6/17
  7785 | D:5      | Got a shimmering glaive
  7823 | D:5      | Killed Eustachio
  7823 | D:5      | Reached skill level 3 in Fighting
  8748 | D:6      | Reached skill level 4 in Fighting
  8982 | D:6      | Found a runed translucent door.
  8983 | D:6      | Noticed Crazy Yiuf
  9011 | D:6      | Found a staircase to the Ecumenical Temple.
  9014 | D:6      | Found Jybubehy's Jewellery Shoppe.
  9160 | Temple   | Entered the Ecumenical Temple
  9312 | Temple   | Became a worshipper of Ashenzari the Shackled
  9445 | D:6      | Reached skill level 5 in Fighting
  9521 | D:6      | Reached skill level 1 in Shields
  9521 | D:6      | Reached XP level 9. HP: 29/88 MP: 10/20
 10796 | D:6      | Killed Crazy Yiuf
 11217 | D:4      | Bought a slimy robe for 142 gold pieces
 11227 | D:4      | Identified the +0 robe "Abumeo" {Int+2 Dex+2} (You bought
                  | it in a shop on level 4 of the Dungeon)
 11654 | D:7      | Found a runed translucent gate.
 11655 | D:7      | Found a runed translucent gate.
 11673 | D:7      | Found a runed translucent gate.
 11710 | D:7      | Reached skill level 6 in Fighting
 11965 | D:7      | Found a white marble altar of Elyvilon.
 12049 | D:7      | Noticed Dowan
 12052 | D:7      | Noticed Duvessa
 12065 | D:7      | Killed Duvessa
 12065 | D:7      | Killed Dowan
 12372 | D:7      | Found an iron altar of Okawaru.
 12529 | D:7      | Noticed Borgoz's ghost (novice HOFi)
 13350 | D:8      | Reached skill level 7 in Fighting
 13350 | D:8      | Reached skill level 5 in Shields
 13471 | D:8      | Reached XP level 10. HP: 102/102 MP: 14/22
 13817 | D:8      | Reached skill level 8 in Fighting
 14783 | D:8      | Found a staircase to the Lair.
 14868 | D:8      | Reached skill level 9 in Fighting
 15663 | D:8      | Noticed Joseph
 15673 | D:8      | Killed Joseph
 15902 | D:8      | Found a hazy altar of Hepliaklqana.
 17125 | D:9      | Reached XP level 11. HP: 109/117 MP: 8/23
 17521 | D:9      | Reached skill level 10 in Fighting
 17610 | D:9      | Noticed Pikel
 17624 | D:9      | Killed Pikel
 17656 | D:9      | Reached * piety under Ashenzari
 17866 | D:9      | Found Zoujales's Weapon Shoppe.
 17868 | D:9      | Found a staircase to the Orcish Mines.
 18026 | D:9      | Noticed a two-headed ogre
 18048 | D:9      | Killed a two-headed ogre
 18048 | D:9      | Reached skill level 11 in Fighting
 18336 | D:9      | Bought a +1 whip of electrocution for 158 gold pieces
 18340 | D:9      | Identified the +7 glaive of Roizxin {drain, Fragile rElec
                  | rPois MR+} (You found it on level 5 of the Dungeon)
 18368 | D:10     | Entered Level 10 of the Dungeon
 18516 | D:10     | Reached skill level 1 in Maces & Flails
 18686 | D:10     | Noticed a deep elf mage
 19060 | D:10     | Noticed a two-headed ogre
 19080 | D:10     | Killed a two-headed ogre
 19236 | D:10     | Noticed Erica
 19245 | D:10     | Killed Erica
 19729 | D:10     | Reached skill level 5 in Maces & Flails
 19952 | D:11     | Noticed Psyche
 19961 | D:11     | Killed Psyche
 19992 | D:11     | Noticed a green ugly thing
 19998 | D:11     | Noticed a white ugly thing
 20005 | D:11     | Killed a green ugly thing
 20017 | D:11     | Killed a red ugly thing
 20374 | D:11     | Reached XP level 12. HP: 116/130 MP: 6/24
 21060 | D:11     | Reached ** piety under Ashenzari
 21964 | D:12     | Noticed a death knight
 21996 | D:12     | HP: 6/195 [large slime creature (22)]
 22007 | D:12     | Slain by a large slime creature

Levels and vault maps discovered:
D:1:      mainiacjoe_arrival_reflecting_pool, layout_basic
D:2:      layout_basic, makhleb_altar_promises_db, fedhas_altar_1
D:3:      layout_rooms, old_standard_altar, zin_statuary, serial_glass,
          glass_columns_a, glass_columns_b, roderic_cross_of_infinity,
          minmay_gold_behind_fungi, kennysheep_generic_room_14
D:4:      kennysheep_big_flooded_room, layout_loops_ring, serial_shops, shop,
          first_ration, minmay_starry_boxes
D:5:      layout_basic, minmay_hedge_maze, minmay_shop_enchanted_jewellery,
          uniq_sigmund, uniq_eustachio
D:6:      layout_basic, minmay_temple_entry_overgrown,
          nicolae_ossuary_entry_plus, serial_shops, shop,
          minmay_misc_feat_diagonals, uniq_crazy_yiuf_cottage
D:7:      layout_basic, old_standard_altar, elyvilon_altar_4,
          ebering_ghost_rock_garden, uniq_duvessa
D:8:      kennysheep_blocky_room, layout_basic, lemuel_round_altar,
          minmay_lair_entry_grove, uniq_joseph
D:9:      layout_cave_pools, orc_david_3, grunt_decor_cap,
          hangedman_abyss_or_decor_passed, grunt_ogre_cave, minivault_25_ag,
          uniq_pikel
D:10:     minmay_the_grid_triangle_9x9_recursive_2
          [minmay_the_grid_triangle_9x9_prize_schism,
          minmay_the_grid_triangle_9x9_wacky_v,
          minmay_the_grid_triangle_9x9_flanged_cone,
          minmay_the_grid_triangle_9x9_pentomino_pain], layout_irregular_city,
          uniq_erica
D:11:     layout_cave_pools, uniq_psyche
D:12:     layout_roguey, minmay_diced_spiral
Temple:   eino_temple_rhombus

Skill      XL: |  1  2  3  4  5  6  7  8  9 10 11 12 |
---------------+-------------------------------------+-----
Poison Magic   | 3 4 5 6 7 |  7.0
Spellcasting   | 3 4 5 6 7 8 |  8.0
Air Magic      | 1 2 3 4 |  4.0
Conjurations   | 2 |  2.0
Fighting       | 2 5 7 9 11 | 11.0
Shields        | 1 5 8 9 |  9.0
Maces & Flails | 7 9 |  9.3
Dodging        | |  1.7
Stealth        | |  1.4
Transmutations | |  0.8

Action                   |  1- 3 |  4- 6 |  7- 9 | 10-12 || total
-------------------------+-------+-------+-------+-------++-------
Melee: Club              |     3 |       |       |       ||     3
       Dagger            |    16 |    16 |   177 |   185 ||   394
       Whip              |       |       |       |   183 ||   183
Throw: Stone             |       |     3 |     2 |     2 ||     7
       Dart              |       |     6 |       |     1 ||     7
 Cast: Sting             |    27 |     1 |       |       ||    28
       Poisonous Vapours |    27 |    58 |   123 |   176 ||   384
       Mephitic Cloud    |       |     1 |    25 |    33 ||    59
       Ignite Poison     |       |       |    19 |    33 ||    52
       Olgreb's Toxic Ra |       |       |       |     9 ||     9
Invok: Curse Item        |       |       |     2 |     2 ||     4
  Use: Scroll            |       |       |    11 |     4 ||    15
       Potion            |       |       |       |     6 ||     6
 Stab: Sleeping          |       |     1 |     1 |       ||     2
       Confused          |       |       |     1 |     2 ||     3
  Eat: Chunk             |     6 |    13 |    10 |    20 ||    49
       Ration            |       |       |     4 |     3 ||     7
Armor: Robe              |    12 |    10 |    35 |    93 ||   150
       Skin              |       |       |       |    14 ||    14
Dodge: Dodged            |    21 |    21 |    93 |   123 ||   258
Block: Other             |       |       |    15 |    10 ||    25
       Shield            |       |       |       |   221 ||   221
       Reflection        |       |       |       |    16 ||    16

Table legend:
 A = Non-vault XP
 B = Vault XP
 C = Vault XP percentage of total XP
 D = Non-vault monster count
 E = Vault monster count
 F = Vault count percentage of total count
                 A         B        C        D         E       F
            +---------+---------+-------+---------+---------+-------
      Total |   14579 |    8478 |  36.8 |     237 |      48 |  16.8
            +---------+---------+-------+---------+---------+-------
        D:1 |      42 |       0 |   0.0 |      20 |       0 |   0.0
        D:2 |      71 |       0 |   0.0 |      21 |       0 |   0.0
        D:3 |      49 |     168 |  77.4 |      17 |       2 |  10.5
        D:4 |     238 |     181 |  43.2 |      10 |       5 |  33.3
        D:5 |     431 |     425 |  49.6 |       8 |       2 |  20.0
        D:6 |    1233 |      39 |   3.1 |      25 |       1 |   3.8
        D:7 |     959 |     627 |  39.5 |      19 |       4 |  17.4
        D:8 |    1509 |    2673 |  63.9 |      30 |      18 |  37.5
        D:9 |    1082 |    1869 |  63.3 |      26 |       6 |  18.8
       D:10 |    1274 |    2057 |  61.8 |      10 |       9 |  47.4
       D:11 |    5176 |     439 |   7.8 |      35 |       1 |   2.8
       D:12 |    2515 |       0 |   0.0 |      16 |       0 |   0.0
            +---------+---------+-------+---------+---------+-------
